 Dungeon Crawl Stone Soup version 0.22-a0-596-gfbd32a6 (webtiles) character file.

774 iamserjio the Chopper (level 7, -1/55 HPs)
             Began as a Demonspawn Berserker on July 5, 2018.
             Was an Elder of Trog.
             Slain by an orc wizard
             ... wielding a +0 dagger
              (4 damage)
             ... on level 6 of the Dungeon.
             The game lasted 00:10:20 (1399 turns).

iamserjio the Chopper (Demonspawn Berserker)        Turns: 1399, Time: 00:10:21

Health: -1/55      AC:  6    Str: 19    XL:     7   Next: 53%
Magic:  7/7        EV: 11    Int:  8    God:    Trog [****..]
Gold:   118        SH:  0    Dex: 13    Spells: 6/6 levels left

rFire    + . .     SeeInvis .   a - +0 hand axe
rCold    + . .     Gourm    .   (no shield)
rNeg     . . .     Faith    .   p - +0 ring mail
rPois    .         Spirit   .   (no helmet)
rElec    .         Reflect  .   t - scarf {rC+ rF+}
rCorr    .         Harm     .   (no gloves)
MR       .....                  (no boots)
Stlth    +.........             q - amulet of magic regeneration
HPRegen  3.18/turn              (no ring)
MPRegen  0.35/turn              (no ring)

@: lethally poisoned (-1 -> -2), berserk cooldown, slowed, very slow
A: powered by death 1, powered by pain 1
a: Berserk, Trog's Hand, Brothers in Arms, Renounce Religion


You were on level 6 of the Dungeon.
You worshipped Trog.
Trog was greatly pleased with you.
You were very hungry.

You visited 1 branch of the dungeon, and saw 6 of its levels.
You also visited: Ossuary.

You collected 118 gold pieces.

Inventory:

Hand Weapons
 a - a +0 hand axe (weapon)
 d - a +2 vampiric battleaxe
 m - a +0 blowgun
 r - the +7 spear of Jiupp {freeze, Dex+6, unknown}
   (You found it on level 4 of the Dungeon)

   It has been specially enchanted to freeze those struck by it, causing extra
   injury to most foes and up to half again as much damage against particularly
   susceptible opponents.
   It can also slow down cold-blooded creatures.
   It affects your dexterity (+6).
 s - the +6 rapier of Ypaop {pierce, +Blink rN+, unknown}
   (You found it on level 4 of the Dungeon)

   It inflicts extra damage upon your enemies.
   It protects you from negative energy.
   It lets you blink.
Missiles
 n - 12 poisoned needles
Armour
 b - a +0 animal skin
 i - a +0 plate armour
 p - a +0 ring mail (worn)
 t - a scarf of resistance (worn)
 C - a +2 robe
Jewellery
 q - an amulet of magic regeneration (around neck)
Wands
 o - a wand of iceblast (11)
 A - a wand of digging (16)
Scrolls
 e - a scroll of amnesia {unknown}
 g - a scroll of remove curse {unknown}
 l - a scroll of blinking {unknown}
 u - a scroll of enchant weapon {unknown}
 v - 2 scrolls of random uselessness {unknown}
 w - 2 scrolls of fog {unknown}
 y - 2 scrolls of fear {unknown}
Potions
 f - a potion of lignification {unknown}
 h - a potion of agility {unknown}
 j - a potion of curing {@q1}
 k - a potion of flight
 x - 3 potions of heal wounds {unknown}
 z - a potion of ambrosia {unknown}
 D - a potion of invisibility {unknown}
Comestibles
 c - 6 rations
 B - 3 chunks of flesh


   Skills:
 + Level 4.8 Fighting
 * Level 5.7 Axes
 * Level 4.9 Armour
 - Level 1.7 Dodging


You had 6 spell levels left.
You didn't know any spells.
Your spell library was empty.

Dungeon Overview and Level Annotations

Branches:
Dungeon (6/15)             Temple (0/1) D:6

Altars:
Ashenzari
Cheibriados
Dithmenos
Fedhas
Gozag
Kikubaaqudgha


Innate Abilities, Weirdness & Mutations

You regenerate a little health from kills.
You sometimes gain a little power by taking damage.


Message History

Trog accepts your kill.
You hit the orc wizard.
You are no longer berserk.
You are exhausted.
You feel yourself slow down.
You feel sick.
The orc warrior hits you with a hand axe.
* * * LOW HITPOINT WARNING * * *
A centaur comes into view.
The orc wizard mumbles some strange words.
The orc wizard flickers and vanishes!
Deactivating autopickup; reactivate with Ctrl-A.
You hit the orc warrior but do no damage.
The orc warrior is severely wounded.
You closely miss the orc. You hit something but do no damage.
You feel sick. The orc barely misses you.
The orc warrior hits you with a hand axe!
* * * LOW HITPOINT WARNING * * *
Something hits you.
You die...

#.8.>.8..###
#..⌠.⌠.....
#.8.8.8...
#........#
#...<....#
#.......##### .
#...........#..
....#$).{.........
......)@o..####..
......))o...#
........>...#
.............c.
............##.#
............# .
<............
...........##.
......#


You could see an orc warrior, a centaur and an orc.

Vanquished Creatures
  Sigmund (D:5)
  An orc warrior (D:6)
  An ogre (D:6)
  An elf zombie (Ossuary)
  A human zombie (Ossuary)
  2 orc wizards (D:6)
  2 orc priests (D:6)
  A worker ant (D:4)
  A big kobold zombie (Ossuary)
  2 mummies (Ossuary)
  4 gnolls (D:2)
  3 adders
  An adder zombie (Ossuary)
  3 worms (D:2)
  A dart slug (D:2)
  3 leopard geckos
  7 orcs
  A giant cockroach (D:4)
  3 goblins
  5 hobgoblins
  3 quokkas
  5 bats
  3 frilled lizards (D:2)
  4 goblin zombies (Ossuary)
  6 hobgoblin zombies (Ossuary)
  A jackal zombie (Ossuary)
  4 kobolds
  7 kobold zombies (Ossuary)
  A leopard gecko skeleton (D:4)
  13 orc zombies (Ossuary)
  5 rats
  2 rat zombies (Ossuary)
98 creatures vanquished.

Notes
Turn   | Place    | Note
-------+----------+-------------------------------------------
     0 | D:1      | iamserjio the Demonspawn Berserker began the quest for the Orb.
     0 | D:1      | Reached XP level 1. HP: 18/18 MP: 1/1
    68 | D:2      | Reached skill level 3 in Axes
    68 | D:2      | Gained mutation: You regenerate a little health from kills. [demonic ancestry]
    68 | D:2      | Reached XP level 2. HP: 24/24 MP: 2/2
   112 | D:2      | Found a snail-covered altar of Cheibriados.
   159 | D:2      | Reached XP level 3. HP: 29/29 MP: 3/3
   282 | D:1      | Reached ** piety under Trog
   341 | D:2      | Reached XP level 4. HP: 35/35 MP: 4/4
   407 | D:2      | Found a shattered altar of Ashenzari.
   425 | D:2      | Found an opulent altar of Gozag.
   485 | D:3      | Found a blossoming altar of Fedhas.
   576 | D:3      | Reached skill level 4 in Axes
   719 | D:4      | Got a blackened spear
   744 | D:4      | Reached XP level 5. HP: 42/42 MP: 5/5
   782 | D:4      | Got a bloodstained rapier
   850 | D:4      | Found a sand-covered staircase.
   855 | Ossuary  | Entered an ossuary
   922 | Ossuary  | Reached *** piety under Trog
   952 | Ossuary  | Gained mutation: You sometimes gain a little power by taking damage. [demonic ancestry]
   952 | Ossuary  | Reached XP level 6. HP: 48/48 MP: 6/6
  1255 | D:5      | Entered Level 5 of the Dungeon
  1292 | D:5      | Noticed Sigmund
  1307 | D:5      | Killed Sigmund
  1307 | D:5      | Reached skill level 5 in Axes
  1308 | D:5      | Found an ancient bone altar of Kikubaaqudgha.
  1333 | D:5      | Found a shadowy altar of Dithmenos.
  1371 | D:6      | Found a staircase to the Ecumenical Temple.
  1371 | D:6      | Noticed an orc warrior
  1378 | D:6      | Noticed an orc warrior
  1381 | D:6      | Reached XP level 7. HP: 46/55 MP: 7/7
  1383 | D:6      | Reached **** piety under Trog
  1399 | D:6      | Slain by an orc wizard

Vault maps used:
D:1:      dpeg_arrival_houses_and_road
D:2:      evilmike_ruin_ashenzari, kennysheep_slug_shrine, first_ration,
          nicolae_gozag_cash_rules_everything_around_me
D:3:      lemuel_zombie_altar_yredelemnul, fedhas_altar_2, uniq_grinder
D:4:      kennysheep_six_static_rooms, enter_ossuary_5
D:5:      marbit_many_paths, kiku_gazebo_pond_becter,
          nicolae_dithmenos_shadow_blocks, uniq_sigmund
D:6:      minmay_temple_entry_statues_fountains, uniq_duvessa
Ossuary:  ossuary_tomb_1

Skill      XL: |  1  2  3  4  5  6 |
---------------+-------------------+-----
Axes           | 3 4 5 |  5.7
Armour         | 2 3 4 |  4.9
Fighting       | 4 |  4.8
Dodging        | |  1.7

Action                   |  1- 3 |  4- 6 |  7- 9 || total
-------------------------+-------+-------+-------++-------
Melee: Hand axe          |    81 |   188 |    17 ||   286
Invok: Berserk           |     4 |     4 |       ||     8
  Use: Potion            |     2 |       |       ||     2
 Stab: Sleeping          |     1 |       |       ||     1
  Eat: Chunk             |     1 |     6 |     1 ||     8
Armor: Animal skin       |     3 |       |       ||     3
       Plate armour      |    61 |    71 |       ||   132
       Ring mail         |       |    41 |     4 ||    45
Dodge: Dodged            |    40 |   106 |    12 ||   158

Table legend:
 A = Spawn XP
 B = Non-spawn XP
 C = Spawn XP percentage of total XP
 D = Spawn monster count
 E = Non-spawn monster count
 F = Spawn count percentage of total count
 G = Total turns spent on level
                    A         B        C        D         E        F      G
               +---------+---------+-------+---------+---------+-------+---------
         Total |       0 |    1107 |   0.0 |       0 |      98 |   0.0 |  1399
               +---------+---------+-------+---------+---------+-------+---------
           D:1 |       0 |       8 |   0.0 |       0 |       5 |   0.0 |    64
           D:2 |       0 |     121 |   0.0 |       0 |      29 |   0.0 |   332
           D:3 |       0 |      45 |   0.0 |       0 |      10 |   0.0 |   287
           D:4 |       0 |      37 |   0.0 |       0 |       3 |   0.0 |   378
           D:5 |       0 |     226 |   0.0 |       0 |       2 |   0.0 |   113
           D:6 |       0 |     430 |   0.0 |       0 |      10 |   0.0 |    31
       Ossuary |       0 |     240 |   0.0 |       0 |      39 |   0.0 |   194
               +---------+---------+-------+---------+---------+-------+---------
